 Dungeon Crawl Stone Soup version 0.18-b1-2-gd0c887e (webtiles) character file.

2879 Alarkh the Cruncher (level 9, -3/57 HPs)
             Began as a Mummy Necromancer on Apr 28, 2016.
             Was an Initiate of Gozag.
             Slain by a giant frog (5 damage)
             ... on level 7 of the Dungeon.
             The game lasted 00:14:45 (7420 turns).

Alarkh the Cruncher (Mummy Necromancer)             Turns: 7420, Time: 00:14:46

Health: -3/57      AC:  3    Str: 11    XL:     9   Next: 48%
Magic:  1/16       EV: 12    Int: 17    God:    Gozag
Gold:   1086       SH:  0    Dex: 13    Spells: 3 memorised, 10 levels left

rFire  x . .     SeeInvis .     a - +0 quarterstaff
rCold  + . .     Gourm    .     m - +0 robe
rNeg   + + +     Faith    .     (shield currently unavailable)
rPois  ∞         Spirit   .     j - +0 helmet
rElec  .         Dismiss  .     (no cloak)
rCorr  +         Reflect  .     (no gloves)
SustAt .         Harm     .     (no boots)
MR     +....                    (no amulet)
Stlth  ++........               (no ring)
                                r - ring of resist corrosion

@: somewhat resistant to hostile enchantments, unstealthy
A: no food or potions, fire vulnerability, cold resistance 1, negative energy
resistance 3, torment resistance, unbreathing
a: Potion Petition, Call Merchant, Bribe Branch, Renounce Religion


You were on level 7 of the Dungeon.
You worshipped Gozag.
Gozag was noncommittal.
You were not hungry.

You visited 2 branches of the dungeon, and saw 9 of its levels.

You collected 1122 gold pieces.
You paid 36 gold pieces to Gozag.

Inventory:

Hand Weapons
 a - a +0 quarterstaff (weapon)
 d - a +0 hand axe
 k - a +3 mace
Missiles
 h - 32 poisoned needles
Armour
 j - a +0 helmet (worn)
 m - a +0 robe (worn)
Jewellery
 g - an uncursed ring of teleportation
 r - a ring of resist corrosion (left hand)
Wands
 o - a wand of polymorph (1/24)
 s - a wand of confusion (19/48)
Scrolls
 c - 3 scrolls of magic mapping
 e - a scroll of random uselessness
 f - a scroll of recharging
 i - a scroll of identify
 l - 6 scrolls of remove curse
 p - a scroll of amnesia
 q - a scroll of enchant armour
Books
 b - a book of Necromancy

   Spells                             Type                      Level
   a - Pain                           Necromancy                   1
   b - Animate Skeleton               Necromancy                   1
   c - Vampiric Draining              Necromancy                   3
   d - Regeneration                   Charms/Necromancy            3
   e - Animate Dead                   Necromancy                   4
   f - Control Undead                 Necromancy                   4
 n - a book of Dreams

   Spells                             Type                      Level
   a - Ensorcelled Hibernation        Hexes/Ice                    2
   b - Silence                        Hexes/Air                    5
   c - Darkness                       Hexes                        6
   d - Shadow Creatures               Summoning                    6


   Skills:
 * Level 9.0 Staves
 - Level 1.5 Dodging
 - Level 1.5 Stealth
 - Level 5.2 Spellcasting
 - Level 6.6 Necromancy


You had 10 spell levels left.
You knew the following spells:

 Your Spells              Type           Power        Failure   Level  Hunger
a - Pain                  Necr           ####         1%          1    N/A
c - Control Undead        Necr           ####......   12%         4    N/A
e - Vampiric Draining     Necr           ####......   3%          3    N/A

Dungeon Overview and Level Annotations

Branches:
Dungeon (8/15)             Temple (1/1) D:5
   Lair: D:8-11

Altars:
Ashenzari
Dithmenos
Elyvilon
Fedhas
Gozag
Kikubaaqudgha
Makhleb
Nemelex Xobeh
Pakellas
Qazlal
Ru
Sif Muna
Trog
Vehumet
Yredelemnul
The Shining One


Innate Abilities, Weirdness & Mutations

You do not eat or drink.
Your flesh is vulnerable to fire.
You are immune to poison.
Your flesh is cold resistant.
You are immune to negative energy.
You are immune to unholy pain and torment.
You can survive without breathing.


Message History

The giant frog is severely wounded.
The giant frog hits you.
* * * LOW HITPOINT WARNING * * *
The giant frog hits you.
* * * LOW HITPOINT WARNING * * *
The hippogriff is no longer distracted by gold.
The giant frog barely misses you. The giant frog hits you.
* * * LOW HITPOINT WARNING * * *
Read which item? (? for menu, Esc to quit)
Okay, then.
You barely miss the giant frog.
The giant frog is severely wounded.
The giant frog hits you.
* * * LOW HITPOINT WARNING * * *
You sock the giant frog!
The giant frog is almost dead.
The giant frog hits you.
You die...
Your body crumbles into a pile of gold.

.........#
#...#.#..........#
########.#
#...#.#####.####.# #.#
#..%#.# #.# #.# #.##
#...#.#####.# #.#
########..#####...#.......#
#.#
.............H..H.#.#######
#.# #########$######Z.#.#
#.# #.# #..# #F.#.#
#.######.# .$.#
#@.#.###......#.# .....
#..#.......##.#.# .......
#..#.###.#.##.#.# .........
#..#.# #.#.##.#.#
..........[#..#.#
#.#.##.#.#
......$.....#..#.#
#.#.##.#.# #..#.#
#.#.##.#.#
#..#.###.#....#.#
#..#.....######.##


You could see a hippogriff, a giant frog and a quokka zombie.

Vanquished Creatures
  Sigmund (D:4)
  A hippogriff (D:7)
  A yak (D:4)
  Menkaure (D:5)
  A water moccasin (D:7)
  An orc warrior (D:6)
  A sky beast (D:3)
  3 ice beasts
  A necrophage (D:7)
  2 ogres
  2 centaurs (D:6)
  3 giant frogs
  A scorpion (D:6)
  A howler monkey (D:4)
  2 vampire bats (D:6)
  4 crimson imps
  A centaur zombie (D:7)
  A hound (D:6)
  3 orc priests
  A giant frog skeleton (D:7)
  8 orc wizards
  Terence (D:3)
  2 iguanas
  4 worker ants
  2 hound skeletons
  Robin (D:3)
  10 adders
  2 shadow imps
  4 oozes
  An adder skeleton (D:7)
  3 worms
  A dart slug (D:2)
  3 giant geckos
  26 orcs
  2 bat skeletons (D:6)
  2 bat zombies (D:6)
  5 giant cockroaches
  15 goblins
  10 hobgoblins
  7 jackals
  3 quokkas
  6 bats
  5 giant newts
  8 kobolds
  7 rats
  A spectral orc (D:3)
171 creatures vanquished.

Vanquished Creatures (collateral kills)
  A vampire bat (D:6)
  A bat zombie (D:6)
2 creatures vanquished.

Grand Total: 173 creatures vanquished

Notes
Turn   | Place    | Note
--------------------------------------------------------------
     0 | D:1      | Alarkh the Mummy Necromancer began the quest for the Orb.
     0 | D:1      | Reached XP level 1. HP: 13/13 MP: 3/3
    71 | D:1      | Reached XP level 2. HP: 14/19 MP: 0/5
   617 | D:2      | Reached XP level 3. HP: 10/24 MP: 0/7
   942 | D:2      | Found a deep blue altar of Sif Muna.
  1401 | D:3      | Reached XP level 4. HP: 30/30 MP: 5/8
  1491 | D:3      | Noticed Robin
  1502 | D:3      | Killed Robin
  1508 | D:3      | Reached skill level 5 in Necromancy
  1545 | D:3      | Found a sparkling altar of Nemelex Xobeh.
  1554 | D:3      | Found an opulent altar of Gozag.
  1556 | D:3      | Found a blossoming altar of Fedhas.
  1559 | D:3      | Became a worshipper of Gozag Ym Sagoz the Greedy
  1588 | D:3      | Noticed Terence
  1593 | D:3      | Killed Terence
  1607 | D:3      | Learned a level 3 spell: Vampiric Draining
  1612 | D:3      | Learned a level 4 spell: Control Undead
  1627 | D:3      | Noticed a sky beast
  1932 | D:3      | Reached XP level 5. HP: 35/35 MP: 5/10
  1946 | D:3      | Found a basalt altar of Yredelemnul.
  2030 | D:3      | Killed a sky beast
  2276 | D:4      | Found a white marble altar of Elyvilon.
  2350 | D:4      | Noticed Sigmund
  2381 | D:4      | Killed Sigmund
  2381 | D:4      | Reached XP level 6. HP: 19/41 MP: 4/13
  3160 | D:5      | Entered Level 5 of the Dungeon
  3355 | D:5      | Found a shattered altar of Ashenzari.
  3390 | D:5      | Reached skill level 5 in Spellcasting
  3394 | D:5      | Found a staircase to the Ecumenical Temple.
  3430 | Temple   | Entered the Ecumenical Temple
  3729 | D:4      | Reached XP level 7. HP: 25/46 MP: 7/14
  3862 | D:4      | Noticed a yak
  3875 | D:4      | Killed a yak
  3875 | D:4      | Reached skill level 1 in Staves
  4089 | D:5      | Noticed Menkaure
  4139 | D:6      | Reached skill level 2 in Staves
  4196 | D:6      | Reached skill level 3 in Staves
  4447 | D:6      | Found an ancient bone altar of Kikubaaqudgha.
  4521 | D:8      | Reached skill level 4 in Staves
  4554 | D:7      | Reached XP level 8. HP: 7/52 MP: 5/15
  4968 | D:7      | Reached skill level 5 in Staves
  5505 | D:6      | Reached skill level 6 in Staves
  6246 | D:6      | Reached skill level 7 in Staves
  6523 | D:6      | Reached XP level 9. HP: 53/57 MP: 8/16
  6785 | D:5      | Killed Menkaure
  6785 | D:5      | Reached skill level 8 in Staves
  7399 | D:7      | Reached skill level 9 in Staves
  7419 | D:7      | HP: 2/57 [giant frog (4)]
  7420 | D:7      | Slain by a giant frog

Skill      XL: |  1  2  3  4  5  6  7  8  9 |
---------------+----------------------------+-----
Spellcasting   | 3 4 5 |  5.2
Necromancy     | 5 6 |  6.6
Staves         | 4 7 9 |  9.0
Dodging        | |  1.5
Stealth        | |  1.5

Action                   |  1- 3 |  4- 6 |  7- 9 || total
-------------------------+-------+-------+-------++-------
Melee: Hand axe          |    23 |     3 |       ||    26
       Mace              |       |     5 |       ||     5
       Quarterstaff      |       |    53 |   230 ||   283
 Cast: Pain              |    66 |   133 |   145 ||   344
       Vampiric Draining |       |       |    32 ||    32
       Control Undead    |       |       |     3 ||     3
  Use: Scroll            |     5 |       |     2 ||     7
 Stab: Sleeping          |     1 |       |     5 ||     6
Armor: Robe              |     3 |    24 |    90 ||   117
Dodge: Dodged            |    22 |    70 |   244 ||   336
